 Dungeon Crawl Stone Soup version 0.29-a0-620-g13ace881f2 (webtiles) character file.

Game seed: 4746878112140301021

74 fernweh the Gusty (level 4, 0/41 HPs)
             Began as a Gnoll Wanderer on June 18, 2022.
             Slain by Sigmund
             ... wielding a +0 scythe
              (1 damage)
             ... on level 2 of the Dungeon on June 19, 2022.
             The game lasted 00:10:49 (2011 turns).

fernweh the Gusty (Gnoll Wanderer)                  Turns: 2011, Time: 00:10:49

Health: 0/41       AC:  5    Str: 15    XL:     4   Next: 28%
Magic:  8/8        EV: 11    Int: 12    God:
Gold:   93         SH:  0    Dex:  9    Spells: 5/9 levels left

rFire   . . .      SeeInvis +   a - +0 club
rCold   . . .      Faith    .   f - orb {*Rage}
rNeg    . . .      Spirit   .   c - +0 leather armour
rPois   .          Reflect  .   j - +0 helmet
rElec   .          Harm     .   (no cloak)
rCorr   .          Rampage  .   r - +0 pair of gloves
Will    .....      Rage     20% (no boots)
Stlth   +.........              (no amulet)
HPRegen 0.13/turn               k - ring of see invisible
MPRegen 0.11/turn               (no ring)

@: on berserk cooldown, attractive, hasted and slowed
A: fangs 1, strong nose, distributed training
a: no special abilities


You were on level 2 of the Dungeon.
You visited 1 branch of the dungeon, and saw 2 of its levels.

You collected 93 gold pieces.

Inventory:

Hand Weapons
 a - a +0 club (weapon)
 s - a +0 scimitar
 u - a +0 mace
Missiles
 p - 4 stones (quivered)
Armour
 c - a +0 leather armour (worn)
 f - an orb of wrath (worn)
 j - a +0 helmet (worn)
 o - an orb of energy
 r - a +0 pair of gloves (worn)
Jewellery
 i - an amulet of faith
 k - a ring of see invisible (left hand)
Scrolls
 b - a scroll of teleportation
 e - 2 scrolls of vulnerability {unknown}
 g - a scroll of enchant weapon {unknown}
 l - a scroll of identify {unknown}
 m - a scroll of amnesia {unknown}
 n - a scroll of poison {unknown}
 t - a scroll of silence {unknown}
Potions
 d - a potion of lignification


   Skills:
 + Level 6.6 Fighting
 + Level 1.1 Short Blades
 + Level 1.1 Long Blades
 + Level 1.1 Axes
 + Level 1.1 Maces & Flails
 + Level 1.1 Polearms
 + Level 1.1 Staves
 + Level 1.1 Slings
 + Level 1.1 Bows
 + Level 1.1 Crossbows
 + Level 1.1 Throwing
 + Level 1.1 Armour
 + Level 1.1 Dodging
 + Level 1.1 Stealth
 + Level 1.1 Shields
 + Level 1.1 Unarmed Combat
 + Level 3.0 Spellcasting
 + Level 0.8 Conjurations
 + Level 0.8 Hexes
 + Level 0.8 Summonings
 + Level 3.8 Necromancy
 + Level 0.8 Translocations
 + Level 0.8 Transmutations
 + Level 0.8 Fire Magic
 + Level 0.8 Ice Magic
 + Level 7.1 Air Magic
 + Level 0.8 Earth Magic
 + Level 0.8 Poison Magic
 + Level 1.2 Invocations
 + Level 1.1 Evocations


You had 5 spell levels left.
You knew the following spells:

 Your Spells              Type           Power      Damage    Failure   Level
a - Necrotize             Necr           44%        1d6       6%          1
b - Shock                 Conj/Air       44%        1d5       6%          1
c - Poisonous Vapours     Pois/Air       22%        N/A       9%          2

Your spell library contained the following spells:

 Spells                   Type           Power      Damage    Failure   Level
 Static Discharge         Conj/Air       11%        N/A       9%          2
 Vampiric Draining        Necr           11%        2d6       19%         3
 Stone Arrow              Conj/Erth      6%         3d7       54%         3
 Animate Armour           Summ/Erth      6%         N/A       91%         4
 Lehudib's Crystal Spear  Conj/Erth      1%         10d2      100%        8


Dungeon Overview and Level Annotations

Branches:
Dungeon (2/15)

Altars:

Annotations:
D:2 Sigmund


Innate Abilities, Weirdness & Mutations

You have very sharp teeth.
Your uncanny sense of smell can sniff out nearby items.
Your experience applies equally to all skills.


Message History

You barely miss Sigmund.
Sigmund is severely wounded.
Sigmund hits you but does no damage. Sigmund casts a spell at you.
You are confused.
Sigmund hits you from afar with a +0 scythe.
* * * LOW HITPOINT WARNING * * *
You are too confused!
Unknown command.
Really quaff the potion of lignification?
Okay, then.
It was a potion of haste.
You feel yourself speed up.
Sigmund says, "Look into my eyes."
Sigmund hits you from afar with a +0 scythe!
* * * LOW HITPOINT WARNING * * *
It was a potion of magic.
Magic courses through your body. Sigmund barely misses you.
It was a potion of attraction.
You feel attractive to monsters.
You feel less confused. Sigmund is attracted toward you.
Okay, then.
You hit Sigmund.
Sigmund is severely wounded.
Sigmund hits you with a +0 scythe.
* * * LOW HITPOINT WARNING * * *
You hit Sigmund.
Sigmund is almost dead.
Sigmund hits you but does no damage.
You barely miss Sigmund. You bite Sigmund, but do no damage.
Sigmund is almost dead.
Sigmund closely misses you.
You barely miss Sigmund.
Sigmund is almost dead.
You closely miss Sigmund.
Sigmund is almost dead.
Sigmund barely misses you.
You barely miss Sigmund. Your bite misses Sigmund.
Sigmund is almost dead.
Sigmund hits you with a +0 scythe.
You die...

#.###............# #####
..# #..####......##....#
### #............#.....##
..# #....................
#.###....................
#..##......#..#..........
##.......#.#.##..#.....#
#####....#.#.#...>.....#
.# ###..#.#.#..@@.....#
.# #..#.#.#.........#
.######..#...#.........#
.....##.######.........#
.....##'#......#+##....#
..............## ....#
.........#.#### ......
...##....#.# .....#
...##..#.#.#


You could see Sigmund.

Vanquished Creatures
  Terence (D:2)
  2 adders (D:2)
  A dart slug (D:2)
  4 endoplasms
  2 goblins (D:2)
  A hobgoblin (D:2)
  2 quokkas (D:2)
  3 ball pythons
  5 bats (D:1)
  3 frilled lizards
  5 kobolds
  2 rats
31 creatures vanquished.

Notes
Turn   | Place    | Note
-------+----------+-------------------------------------------
     0 | D:1      | fernweh the Gnoll Wanderer began the quest for the Orb.
     0 | D:1      | fernweh set off with the following items: a +0 club, a
                  | scroll of teleportation, a +0 leather armour, a potion of
                  | lignification; and the following spells available to
                  | memorise: Necrotize, Shock, Poisonous Vapours, Static
                  | Discharge, Vampiric Draining.
     0 | D:1      | Reached XP level 1. HP: 23/23 MP: 4/4
     0 | D:1      | Upgraded the game from 0.29-a0-617-g7a6b98fccd to
                  | 0.29-a0-620-g13ace881f2
   476 | D:1      | Reached XP level 2. HP: 29/29 MP: 5/5
   852 | D:2      | Noticed Terence
   857 | D:1      | Learned a level 1 spell: Necrotize
   859 | D:1      | Learned a level 1 spell: Shock
   862 | D:1      | Learned a level 2 spell: Poisonous Vapours
  1098 | D:2      | Reached XP level 3. HP: 24/35 MP: 7/7
  1634 | D:2      | Reached skill level 1 in Invocations
  1648 | D:2      | Killed Terence
  1649 | D:2      | Reached skill level 1 in Short Blades
  1649 | D:2      | Reached skill level 1 in Long Blades
  1649 | D:2      | Reached skill level 1 in Axes
  1649 | D:2      | Reached skill level 1 in Maces & Flails
  1649 | D:2      | Reached skill level 1 in Polearms
  1649 | D:2      | Reached skill level 1 in Staves
  1649 | D:2      | Reached skill level 1 in Slings
  1649 | D:2      | Reached skill level 1 in Bows
  1649 | D:2      | Reached skill level 1 in Crossbows
  1649 | D:2      | Reached skill level 1 in Throwing
  1649 | D:2      | Reached skill level 1 in Armour
  1649 | D:2      | Reached skill level 1 in Dodging
  1649 | D:2      | Reached skill level 1 in Stealth
  1649 | D:2      | Reached skill level 1 in Shields
  1649 | D:2      | Reached skill level 1 in Unarmed Combat
  1649 | D:2      | Reached skill level 1 in Evocations
  1649 | D:2      | Reached XP level 4. HP: 41/41 MP: 2/8
  1980 | D:2      | Noticed Sigmund
  2006 | D:2      | HP: 1/41 [Sigmund/+0 scythe (3)]
  2011 | D:2      | Slain by Sigmund

Illustrated notes

Levels and vault maps discovered:
D:1:      erik_arrival_orb_chamber, layout_rooms, chequers_mini_garden,
          roderic_malta_cross
D:2:      layout_basic, serial_co_window_serial, co_window_paths_b,
          co_window_of_opportunity_a, co_window_of_opportunity_a,
          co_window_paths_b, co_window_paths_a, co_window_broadway_b,
          co_window_of_opportunity_c, co_window_broadway_c,
          co_window_broadway_a, co_window_sun, co_window_4corner_a,
          glass_columns_b, glass_columns_c, uniq_terence, uniq_sigmund

Skill      XL: |  1  2  3  4 |
---------------+-------------+-----
Invocations    | 1 |  1.2
Short Blades   | 1 |  1.1
Long Blades    | 1 |  1.1
Axes           | 1 |  1.1
Maces & Flails | 1 |  1.1
Polearms       | 1 |  1.1
Staves         | 1 |  1.1
Slings         | 1 |  1.1
Bows           | 1 |  1.1
Crossbows      | 1 |  1.1
Throwing       | 1 |  1.1
Armour         | 1 |  1.1
Dodging        | 1 |  1.1
Stealth        | 1 |  1.1
Shields        | 1 |  1.1
Unarmed Combat | 1 |  1.1
Evocations     | 1 |  1.1
Spellcasting   | 3 |  3.0
Fighting       | |  6.6
Conjurations   | |  0.8
Hexes          | |  0.8
Summonings     | |  0.8
Necromancy     | |  3.8
Translocations | |  0.8
Transmutations | |  0.8
Fire Magic     | |  0.8
Ice Magic      | |  0.8
Air Magic      | |  7.1
Earth Magic    | |  0.8
Poison Magic   | |  0.8

Action                   |  1- 3 |  4- 6 || total
-------------------------+-------+-------++-------
Melee: Club              |   127 |    21 ||   148
       Bite              |    10 |     3 ||    13
Throw: Throwing net      |     1 |       ||     1
       Stone             |     1 |       ||     1
 Cast: Poisonous Vapours |     2 |       ||     2
       Shock             |       |     5 ||     5
  Use: Potion            |       |     3 ||     3
Armor: Leather armour    |    68 |     4 ||    72
Dodge: Dodged            |   101 |    12 ||   113

Table legend: (Time is in decaauts)
 A = Elapsed time spent in this place.
 B = Non-inter-level travel time spent in this place.
 C = Inter-level travel time spent in this place.
 D = Time resting spent in this place.
 E = Time spent auto-exploring this place.
 F = Levels seen in this place.
 G = Mean time per level.
                   A        B        C        D        E       F      G
               +--------+--------+--------+--------+--------+-----+--------+
         Total |   2187 |   2178 |      9 |    447 |   1156 |   2 | 1093.5 |
       Dungeon |   2187 |   2178 |      9 |    447 |   1156 |   2 | 1093.5 |
               +--------+--------+--------+--------+--------+-----+--------+

Top non-repeatable levels by time:
     D:2: 1157 daAuts
     D:1: 1029 daAuts
